Workbook

Sheet TABLA CONVERSION ITEMS Psico
B5: PERFIL: | C5: AGENTES PROFESIONAL CONTRADOS PARA LABORAR | E5: VALOR UNITARIO ANTES DE IVA | I5: Esta tabla es de apoyo cuando se deben facturar agentes prorrateados
B6: Psicologo | C6: 13 | E6: 7975000
C8: DESGLOSE DIAS LABORADOS POR COLABORADOR | D8: TOTAL AGENTES | E8: DIAS GESTIÓN POR AGENTE | F8: DIAS LABORADOS
C9: Agentes con 30 días laborados | D9: 13 | E9: 30 | F9: =+E9*D9 -> 390 | G9: =+D9*E6 -> 103675000
G10: =+(1/30)*F10*$E$6 -> 0
G11: =+(1/30)*F11*$E$6 -> 0
G12: =+(1/30)*F12*$E$6 -> 0
C17: DIAS LABORADOS POR LA OPERACIÓN | F17: =SUM(F9:F16) -> 390
C19: DIAS ESPERADOS A LABORAR OPERACIÓN COMPLETA COMPLETA | F19: =30*C6 -> 390
H21: REDONDEO: | I21: VALOR POR AGENTE | J21: TOTAL A FACT POR PERFIL
C22: AGENTES A FACTURAR | F22: =+(1/30)*F17 -> 13 | H22: =+FIXED(F22) -> 13,00 | I22: =+E6 -> 7975000 | J22: =+I22*H22 -> 103675000

Sheet TABLA CONVERSION ITEMS SUPER
B5: PERFIL: | C5: AGENTES PROFESIONAL CONTRADOS PARA LABORAR | E5: VALOR UNITARIO ANTES DE IVA | I5: Esta tabla es de apoyo cuando se deben facturar agentes prorrateados
B6: Supervisor | C6: 1 | E6: 8250000
C8: DESGLOSE DIAS LABORADOS POR COLABORADOR | D8: TOTAL AGENTES | E8: DIAS GESTIÓN POR AGENTE | F8: DIAS LABORADOS
C9: Agentes con 30 días laborados | D9: 1 | E9: 30 | F9: =+E9*D9 -> 30 | G9: =+D9*E6 -> 8250000
G10: =+(1/30)*F10*$E$6 -> 0
G11: =+(1/30)*F11*$E$6 -> 0
G12: =+(1/30)*F12*$E$6 -> 0
C17: DIAS LABORADOS POR LA OPERACIÓN | F17: =SUM(F9:F16) -> 30
C19: DIAS ESPERADOS A LABORAR OPERACIÓN COMPLETA COMPLETA | F19: =30*C6 -> 30
H21: REDONDEO: | I21: VALOR POR AGENTE | J21: TOTAL A FACT POR PERFIL
C22: AGENTES A FACTURAR | F22: =+(1/30)*F17 -> 1 | H22: =+FIXED(F22) -> 1,00 | I22: =+E6 -> 8250000 | J22: =+I22*H22 -> 8250000

Sheet TABLA CONVERSION ITEMS ABOGA
B5: PERFIL: | C5: AGENTES PROFESIONAL CONTRADOS PARA LABORAR | E5: VALOR UNITARIO ANTES DE IVA | I5: Esta tabla es de apoyo cuando se deben facturar agentes prorrateados
B6: Abogado | C6: 1 | E6: 7000000
C8: DESGLOSE DIAS LABORADOS POR COLABORADOR | D8: TOTAL AGENTES | E8: DIAS GESTIÓN POR AGENTE | F8: DIAS LABORADOS
C9: Agentes con 30 días laborados | D9: 1 | E9: 30 | F9: =+E9*D9 -> 30 | G9: =+D9*E6 -> 7000000
G10: =+(1/30)*F10*$E$6 -> 0
G11: =+(1/30)*F11*$E$6 -> 0
G12: =+(1/30)*F12*$E$6 -> 0
C17: DIAS LABORADOS POR LA OPERACIÓN | F17: =SUM(F9:F16) -> 30
C19: DIAS ESPERADOS A LABORAR OPERACIÓN COMPLETA COMPLETA | F19: =30*C6 -> 30
H21: REDONDEO: | I21: VALOR POR AGENTE | J21: TOTAL A FACT POR PERFIL
C22: AGENTES A FACTURAR | F22: =+(1/30)*F17 -> 1 | H22: =+FIXED(F22) -> 1,00 | I22: =+E6 -> 7000000 | J22: =+I22*H22 -> 7000000

Sheet Control fac_Calma
CE1: Agente de 8- 5
D2: Total Contrada | K2: Capacidad Contratada mensual | O2: Capacidad Ejecutada ABRIL | S2: Total Por ejecutar | U2: Capacidad Ejecutada MAYO | Y2: Total Por ejecutar | AA2: Capacidad Ejecutada JUNIO | AE2: Total Por ejecutar | AG2: Capacidad Ejecutada JULIO | AK2: Total Por ejecutar | AL2: Capacidad Ejecutada Agosto | AP2: Total Por ejecutar | AR2: Capacidad Ejecutada Septiembre | AV2: Total Por ejecutar | BE2: Capacidad Ejecutada(agrega mes) y a columna derecha siguientes meses | BK2: Capacidad Ejecutada Noviembre | BO2: Capacidad Ejecutada Diciembre | CE2: Capacidad Ejecutada enero 2024
A3: VALOR DEL CONTRATO | B3: Item | C3: SERVICIO | D3: Cantidad Orden de Compra | E3: Plazo | F3: Valor Unitario | G3: Total Orden de Compra | H3: Cantidad ejecutada | I3: % de ejecución | K3: Mes | L3: Valor Unitario | M3: Valor Total | O3: CANTIDAD MENSUAL | P3: VALOR UNITARIO 2023 | Q3: Total Orden de Compra | S3: Total Orden de Compra | U3: CANTIDAD MENSUAL | V3: VALOR UNITARIO 2023 | W3: Total Orden de Compra | Y3: Total Orden de Compra | AA3: CANTIDAD MENSUAL | AB3: VALOR UNITARIO 2023 | AC3: Total Orden de Compra | AE3: Total Orden de Compra | AG3: CANTIDAD MENSUAL | AH3: VALOR UNITARIO 2023 | AI3: Total Orden de Compra | AK3: Total Orden de Compra | AL3: CANTIDAD MENSUAL | AM3: VALOR UNITARIO 2023 | AN3: Total Orden de Compra | AP3: Total Orden de Compra | AR3: CANTIDAD MENSUAL | AS3: VALOR UNITARIO 2023 | AT3: Total Orden de Compra | AV3: Total Orden de Compra | AX3: Cantidad Ejecutada | AY3: Cantidad por ejecutar | AZ3: Diferencia | BE3: CANTIDAD MENSUAL | BF3: VALOR UNITARIO 2023 | BG3: Total Orden de Compra | BH3: CANTIDAD MENSUAL ABRIL | BI3: Total Orden de Compra MARZO | BK3: CANTIDAD MENSUAL | BL3: VALOR UNITARIO 2023 | BM3: Total Orden de Compra | BO3: CANTIDAD MENSUAL | BP3: VALOR UNITARIO 2023 | BQ3: Total Orden de Compra | CE3: CANTIDAD MENSUAL | CF3: VALOR UNITARIO 2023 | CG3: Total Orden de Compra | CJ3: 0.41666667
BY4: Apalancamiento de noviembre | BZ4: Apalancamiento de Diciembre | CP4: AGENTES | CQ4: Valor | CR4: Cantidad | CS4: Valor
A5: =G33 -> 5.5722875e+08 | B5: EQUIPO HUMANO | C5: Profesionales Operadores de los Servicios de Llamada y de Acompañamiento Psicoeducativo | D5: 13 | E5: 2.7 | F5: 9685000 | G5: =+F5*E5*D5 -> 339943500 | H5: 147405700 | I5: =H5/G5 -> 0.43361823 | K5: 13 | L5: 7975000 | M5: =L5*K5 -> 103675000 | O5: 8.9 | P5: =$L$5 -> 7975000 | Q5: =P5*O5 -> 70977500 | S5: =$G$5-Q5 -> 268966000 | U5: 13 | V5: =$L$5 -> 7975000 | W5: =V5*U5 -> 103675000 | Y5: =S5-W5 -> 165291000 | AA5: 13 | AB5: 7975000 | AC5: =AB5*AA5 -> 103675000 | AE5: =$Y$5-AC5 -> 61616000 | AG5: 13 | AH5: =$L$5 -> 7975000 | AI5: =AH5*AG5 -> 103675000 | AK5: =AE5-AI5 -> -42059000 | AL5: 13 | AM5: =$L$5 -> 7975000 | AN5: =AM5*AL5 -> 103675000 | AP5: =AK5-AN5 -> -145734000 | AR5: 13 | AS5: =$L$5 -> 7975000 | AT5: =(AS5*AR5) -> 103675000 | AV5: =AP5-AT5 -> -249409000 | AX5: =AC5+W5+Q5+AI5+AN5+AT5 -> 589352500 | AY5: =G5-AX5 -> -249409000 | AZ5: =G5-AY5 -> 589352500 | BE5: 13 | BF5: =+F5 -> 9685000 | BG5: =(BF5*BE5) -> 125905000 | BH5: 13 | BI5: =+BH5*BF5 -> 125905000 | BK5: 12 | BL5: =$L$5 -> 7975000 | BM5: =(BL5*BK5) -> 95700000 | BO5: 12 | BP5: =$L$5 -> 7975000 | BQ5: =(BP5*BO5)/30*27 -> 86130000 | BY5: =BP5 -> 7975000 | BZ5: =BY5*2 -> 15950000 | CE5: 4 | CF5: =$L$5 -> 7975000 | CG5: =Hoja4!I5 -> 13557500 | CJ5: =CF5/240 -> 33229.167 | CK5: =CJ5*150% -> 49843.75 | CP5: 1 | CQ5: =$CF$5/30 -> 265833.33 | CR5: 6 | CS5: =CR5*CQ5 -> 1595000
C6: Coordinador de la operación y de calidad de la Línea Calma | D6: 1 | E6: 2.7 | F6: 9300000 | G6: =+F6*E6*D6 -> 25110000 | H6: 10881000 | I6: =H6/G6 -> 0.43333333 | K6: 1 | L6: 8250000 | M6: =L6*K6 -> 8250000 | O6: 0.83 | P6: =$L$6 -> 8250000 | Q6: 6875000 | S6: =$G$6-Q6 -> 18235000 | U6: 1 | V6: =$L$6 -> 8250000 | W6: =V6*U6 -> 8250000 | Y6: =S6-W6 -> 9985000 | AA6: 1 | AB6: 8250000 | AC6: =AB6*AA6 -> 8250000 | AE6: =$Y$6-AC6 -> 1735000 | AG6: 1 | AH6: =$L$6 -> 8250000 | AI6: =AH6*AG6 -> 8250000 | AK6: =AE6-AI6 -> -6515000 | AL6: 1 | AM6: =$L$6 -> 8250000 | AN6: =AM6*AL6 -> 8250000 | AP6: =AK6-AN6 -> -14765000 | AR6: 1 | AS6: =$L$6 -> 8250000 | AT6: =(AS6*AR6) -> 8250000 | AV6: =AP6-AT6 -> -23015000 | AX6: =AC6+W6+Q6+AI6+AN6+AT6 -> 48125000 | AY6: =G6-AX6 -> -23015000 | AZ6: =G6-AY6 -> 48125000 | BE6: 1 | BF6: =+F6 -> 9300000 | BG6: =(BF6*BE6) -> 9300000 | BH6: 1 | BI6: =+BH6*BF6 -> 9300000 | BK6: 1 | BL6: =$L$6 -> 8250000 | BM6: =(BL6*BK6) -> 8250000 | BO6: 1 | BP6: =$L$6 -> 8250000 | BQ6: =(BP6*BO6)/30*27 -> 7425000 | CE6: 0 | CF6: =$L$6 -> 8250000 | CG6: =Hoja4!I6 -> 3300000 | CI6: 4204000 | CJ6: =CI6/240 -> 17516.667 | CK6: =CJ6*150% -> 26275 | CP6: 2 | CQ6: =$CF$5/30 -> 265833.33 | CR6: 6 | CS6: =CR6*CQ6 -> 1595000
C7: Profesional de asesoría jurídico y legal Línea Calma | D7: 1 | E7: 2.7 | F7: 8064000 | G7: =+F7*E7*D7 -> 21772800 | H7: 9676800 | I7: =H7/G7 -> 0.44444444 | K7: 1 | L7: 7000000 | M7: =L7*K7 -> 7000000 | O7: 0.83 | P7: =$L$7 -> 7000000 | Q7: 5833300 | S7: =$G$7-Q7 -> 15939500 | U7: 1 | V7: =$L$7 -> 7000000 | W7: =V7*U7 -> 7000000 | Y7: =$S$7-W7 -> 8939500 | AA7: 1 | AB7: 7000000 | AC7: =AB7*AA7 -> 7000000 | AE7: =$Y$7-AC7 -> 1939500 | AG7: 1 | AH7: =$L$7 -> 7000000 | AI7: =AH7*AG7 -> 7000000 | AK7: =AE7-AI7 -> -5060500 | AL7: 1 | AM7: =$L$7 -> 7000000 | AN7: =AM7*AL7 -> 7000000 | AP7: =AK7-AN7 -> -12060500 | AR7: 1 | AS7: =$L$7 -> 7000000 | AT7: =(AS7*AR7) -> 7000000 | AV7: =AP7-AT7 -> -19060500 | AX7: =AC7+W7+Q7+AI7+AN7+AT7 -> 40833300 | AY7: =G7-AX7 -> -19060500 | AZ7: =G7-AY7 -> 40833300 | BE7: 1 | BF7: =+F7 -> 8064000 | BG7: =(BF7*BE7) -> 8064000 | BH7: 1 | BI7: =+BH7*BF7 -> 8064000 | BK7: 1 | BL7: =$L$7 -> 7000000 | BM7: =(BL7*BK7) -> 7000000 | BO7: 1 | BP7: =$L$7 -> 7000000 | BQ7: =(BP7*BO7)/30*27 -> 6300000 | CE7: 0 | CF7: =$L$7 -> 7000000 | CG7: =(CF7*CE7)/30*24 -> 0 | CP7: 3 | CQ7: =$CF$5/30 -> 265833.33 | CR7: 6 | CS7: =CR7*CQ7 -> 1595000
C8: Formadora experta en metodología del enfoque de cultura ciudadana para la atención emocional de hombres | D8: 1 | E8: 2 | F8: 4400000 | G8: =+F8*E8*D8 -> 8800000 | H8: 6600000 | I8: =H8/G8 -> 0.75 | K8: 1 | L8: 5226000 | M8: =L8*K8 -> 5226000 | O8: 0 | P8: =(L8/30)*O8 -> 0 | Q8: =P8*O8 -> 0 | S8: =$G$8-Q8 -> 8800000 | U8: 0 | V8: =(R8/30)*U8 -> 0 | W8: =V8*U8 -> 0 | Y8: =$S$8-W8 -> 8800000 | AA8: 0 | AB8: 0 | AC8: =AB8*AA8 -> 0 | AE8: =$Y$8-AC8 -> 8800000 | AG8: 1 | AH8: =$L$8 -> 5226000 | AI8: =AH8*AG8 -> 5226000 | AK8: =AE8-AI8 -> 3574000 | AL8: 0 | AM8: =(AJ8/30)*AL8 -> 0 | AN8: =AM8*AL8 -> 0 | AP8: =AK8-AN8 -> 3574000 | AR8: 0 | AS8: =(AO8/30)*AR8 -> 0 | AT8: =(AS8*AR8) -> 0 | AV8: =AP8-AT8 -> 3574000 | AX8: =AC8+W8+Q8+AI8+AN8+AT8 -> 5226000 | AY8: =G8-AX8 -> 3574000 | AZ8: =G8-AY8 -> 5226000 | BE8: 1 | BF8: =+F8 -> 4400000 | BG8: =BF8*BE8 -> 4400000 | BH8: 1 | BI8: =+BH8*BF8 -> 4400000 | BK8: 0 | BL8: =(BF8/30)*BK8 -> 0 | BM8: =BL8*BK8 -> 0 | BO8: 0 | BP8: =(BL8/30)*BO8 -> 0 | BQ8: =BP8*BO8 -> 0 | CE8: 0 | CF8: =(BR8/30)*CE8 -> 0 | CG8: =CF8*CE8 -> 0 | CP8: 4 | CQ8: =$CF$5/30 -> 265833.33 | CR8: 6 | CS8: =CR8*CQ8 -> 1595000
B9: SISTEMA DE CAPTURA DE INFORMACIÓN | C9: Horas de desarrollo para el ajuste del software de captura de información | D9: 1 | E9: 50 | F9: 310000 | G9: =+F9*E9*D9 -> 15500000 | H9: 15500000 | I9: =H9/G9 -> 1 | K9: 1 | L9: 161000 | M9: =L9*K9 -> 161000 | O9: 0 | P9: =(L9/30)*O9 -> 0 | Q9: =P9*O9 -> 0 | S9: =$G$9-Q9 -> 15500000 | U9: 3.8 | V9: 161000 | W9: =V9*U9 -> 611800 | Y9: =$S$9-W9 -> 14888200 | AA9: 0 | AB9: 0 | AC9: =AB9*AA9 -> 0 | AE9: =$Y$9-AC9 -> 14888200 | AH9: =$L$9 -> 161000 | AI9: =AH9*AG9 -> 0 | AK9: =AE9-AI9 -> 14888200 | AL9: 40 | AM9: 161000 | AN9: =AM9*AL9 -> 6440000 | AP9: =AK9-AN9 -> 8448200 | AR9: 0 | AS9: =(AO9/30)*AR9 -> 0 | AT9: =(AS9*AR9) -> 0 | AV9: =AP9-AT9 -> 8448200 | AX9: =AC9+W9+Q9+AI9+AN9+AT9 -> 7051800 | AY9: =G9-AX9 -> 8448200 | AZ9: =G9-AY9 -> 7051800 | BE9: 18 | BF9: =+F9 -> 310000 | BG9: =BF9*BE9 -> 5580000 | BH9: 0 | BI9: =+BH9*BF9 -> 0 | BK9: 0 | BL9: =(BF9/30)*BK9 -> 0 | BM9: =BL9*BK9 -> 0 | BO9: 0 | BP9: =(BL9/30)*BO9 -> 0 | BQ9: =BP9*BO9 -> 0 | CE9: 0 | CF9: =(BR9/30)*CE9 -> 0 | CG9: =CF9*CE9 -> 0 | CP9: 5 | CQ9: =$CF$5/30 -> 265833.33 | CR9: 6 | CS9: =CR9*CQ9 -> 1595000
C10: Sistema de captura de información | D10: 1 | E10: 2.7 | F10: 5500000 | G10: =+F10*E10*D10 -> 14850000 | H10: 3520000 | I10: =H10/G10 -> 0.23703704 | K10: 1 | L10: 282000 | M10: =L10*K10 -> 282000 | O10: 1 | P10: =($L$10)*O10 -> 282000 | Q10: =P10*O10 -> 282000 | S10: =$G$10-Q10 -> 14568000 | U10: 1 | V10: =($L$10)*U10 -> 282000 | W10: =V10*U10 -> 282000 | Y10: =$S$10-W10 -> 14286000 | AA10: 1 | AB10: 282000 | AC10: =AB10*AA10 -> 282000 | AE10: =$Y$10-AC10 -> 14004000 | AG10: 1 | AH10: =($L$10)*AG10 -> 282000 | AI10: =AH10*AG10 -> 282000 | AK10: =AE10-AI10 -> 13722000 | AL10: 1 | AM10: =($L$10)*AL10 -> 282000 | AN10: =AM10*AL10 -> 282000 | AP10: =AK10-AN10 -> 13440000 | AR10: 1 | AS10: =($L$10)*AR10 -> 282000 | AT10: =(AS10*AR10) -> 282000 | AV10: =AP10-AT10 -> 13158000 | AX10: =AC10+W10+Q10+AI10+AN10+AT10 -> 1692000 | AY10: =G10-AX10 -> 13158000 | AZ10: =G10-AY10 -> 1692000 | BE10: 0.64 | BF10: =+F10 -> 5500000 | BG10: =(BF10*BE10) -> 3520000 | BH10: 1 | BI10: =+BH10*BF10 -> 5500000 | BK10: 1 | BL10: =($L$10)*BK10 -> 282000 | BM10: =(BL10*BK10) -> 282000 | BO10: 1 | BP10: =($L$10)*BO10 -> 282000 | BQ10: =(BP10*BO10) -> 282000 | CE10: 1 | CF10: =($L$10)*CE10 -> 282000 | CG10: =(CF10*CE10) -> 282000 | CP10: 6 | CQ10: =$CF$5/30 -> 265833.33 | CR10: 6 | CS10: =CR10*CQ10 -> 1595000
B11: SERVICIOS DE COMUNICACIÓN | C11: Cargo PRI (Primary Rate Interface) - consumo del canal ilimitado | D11: 18 | E11: 2.7 | F11: 90000 | G11: =+F11*E11*D11 -> 4374000 | H11: 1895400 | I11: =H11/G11 -> 0.43333333 | K11: 18 | L11: 37000 | M11: =L11*K11 -> 666000 | O11: 18 | P11: 37000 | Q11: =P11*O11 -> 666000 | S11: =$G$11-Q11 -> 3708000 | U11: 18 | V11: 37000 | W11: =V11*U11 -> 666000 | Y11: =$S$11-W11 -> 3042000 | AA11: 18 | AB11: 37000 | AC11: =AB11*AA11 -> 666000 | AE11: =$Y$11-AC11 -> 2376000 | AG11: 18 | AH11: 37000 | AI11: =AH11*AG11 -> 666000 | AK11: =AE11-AI11 -> 1710000 | AL11: 18 | AM11: 37000 | AN11: =AM11*AL11 -> 666000 | AP11: =AK11-AN11 -> 1044000 | AR11: 18 | AS11: 37000 | AT11: =(AS11*AR11) -> 666000 | AV11: =AP11-AT11 -> 378000 | AX11: =AC11+W11+Q11+AI11+AN11+AT11 -> 3996000 | AY11: =G11-AX11 -> 378000 | AZ11: =G11-AY11 -> 3996000 | BE11: 18 | BF11: =+F11 -> 90000 | BG11: =(BF11*BE11) -> 1620000 | BH11: 18 | BI11: =+BH11*BF11 -> 1620000 | BK11: 18 | BL11: 37000 | BM11: =(BL11*BK11) -> 666000 | BO11: 18 | BP11: 37000 | BQ11: =(BP11*BO11) -> 666000 | CE11: 18 | CF11: 37000 | CG11: =(CF11*CE11) -> 666000 | CP11: 7 | CQ11: =$CF$5/30 -> 265833.33 | CR11: 6 | CS11: =CR11*CQ11 -> 1595000
C12: Minutos de comunicación celulares - Outbound | D12: 1 | E12: 2.7 | F12: 4900000 | G12: =+F12*E12*D12 -> 13230000 | H12: 5733000 | I12: =H12/G12 -> 0.43333333 | K12: 1 | L12: 460000 | M12: =L12*K12 -> 460000 | O12: 1 | P12: =($L$12)*O12 -> 460000 | Q12: =P12*O12 -> 460000 | S12: =$G$12-Q12 -> 12770000 | U12: 1 | V12: =($L$12)*U12 -> 460000 | W12: =V12*U12 -> 460000 | Y12: =$S$12-W12 -> 12310000 | AA12: 1 | AB12: 460000 | AC12: =AB12*AA12 -> 460000 | AE12: =$Y$12-AC12 -> 11850000 | AG12: 1 | AH12: =($L$12)*AG12 -> 460000 | AI12: =AH12*AG12 -> 460000 | AK12: =AE12-AI12 -> 11390000 | AL12: 1 | AM12: =($L$12)*AL12 -> 460000 | AN12: =AM12*AL12 -> 460000 | AP12: =AK12-AN12 -> 10930000 | AR12: 1 | AS12: =($L$12)*AR12 -> 460000 | AT12: =(AS12*AR12) -> 460000 | AV12: =AP12-AT12 -> 10470000 | AX12: =AC12+W12+Q12+AI12+AN12+AT12 -> 2760000 | AY12: =G12-AX12 -> 10470000 | AZ12: =G12-AY12 -> 2760000 | BE12: 1 | BF12: =+F12 -> 4900000 | BG12: =(BF12*BE12) -> 4900000 | BH12: 1 | BI12: =+BH12*BF12 -> 4900000 | BK12: 1 | BL12: =($L$12)*BK12 -> 460000 | BM12: =(BL12*BK12) -> 460000 | BO12: 1 | BP12: =($L$12)*BO12 -> 460000 | BQ12: =(BP12*BO12) -> 460000 | CE12: 0 | CF12: =($L$12)*CE12 -> 0 | CG12: =(CF12*CE12) -> 0 | CP12: 8 | CQ12: =$CF$5/30 -> 265833.33 | CR12: 6 | CS12: =CR12*CQ12 -> 1595000
C13: Bolsa de Minutos de Cobro revertido - Línea 01800 | D13: 1 | E13: 2.7 | F13: 4600000 | G13: =+F13*E13*D13 -> 12420000 | H13: 5382000 | I13: =H13/G13 -> 0.43333333 | K13: 1 | L13: 4363000 | M13: =L13*K13 -> 4363000 | O13: 25 | P13: =L13 -> 4363000 | Q13: 3635800 | S13: =$G$13-Q13 -> 8784200 | U13: 1 | V13: =$L$13 -> 4363000 | W13: =V13*U13 -> 4363000 | Y13: =$S$13-W13 -> 4421200 | AA13: 1 | AB13: 4363000 | AC13: =AB13*AA13 -> 4363000 | AE13: =$Y$13-AC13 -> 58200 | AG13: 1 | AH13: =$L$13 -> 4363000 | AI13: =AH13*AG13 -> 4363000 | AK13: =AE13-AI13 -> -4304800 | AL13: 1 | AM13: =$L$13 -> 4363000 | AN13: =AM13*AL13 -> 4363000 | AP13: =AK13-AN13 -> -8667800 | AR13: 1 | AS13: =$L$13 -> 4363000 | AT13: =(AS13*AR13) -> 4363000 | AV13: =AP13-AT13 -> -13030800 | AX13: =AC13+W13+Q13+AI13+AN13+AT13 -> 25450800 | AY13: =G13-AX13 -> -13030800 | AZ13: =G13-AY13 -> 25450800 | BE13: 1 | BF13: =+F13 -> 4600000 | BG13: =(BF13*BE13) -> 4600000 | BH13: 1 | BI13: =+BH13*BF13 -> 4600000 | BK13: 1 | BL13: =$L$13 -> 4363000 | BM13: =(BL13*BK13) -> 4363000 | BO13: 1 | BP13: =$L$13 -> 4363000 | BQ13: =(BP13*BO13) -> 4363000 | CE13: 1 | CF13: =$L$13 -> 4363000 | CG13: =(CF13*CE13) -> 4363000 | CP13: 9 | CQ13: =$CF$5/30 -> 265833.33 | CR13: 6 | CS13: =CR13*CQ13 -> 1595000
C14: Minuto adicional de Cobro revertido - Línea 01800 | D14: 1 | E14: 2.7 | F14: 215 | G14: =+F14*E14*D14 -> 580.5 | H14: 0 | I14: =H14/G14 -> 0 | K14: 1 | L14: 220 | M14: =L14*K14 -> 220 | O14: 0 | P14: =(L14)*O14 -> 0 | Q14: =P14*O14 -> 0 | S14: =$G$14-Q14 -> 580.5 | U14: 0 | V14: =(R14)*U14 -> 0 | W14: =V14*U14 -> 0 | Y14: =$S$14-W14 -> 580.5 | AA14: 0 | AB14: 0 | AC14: =AB14*AA14 -> 0 | AE14: =$Y$14-AC14 -> 580.5 | AG14: 0 | AH14: =(AD14)*AG14 -> 0 | AI14: =AH14*AG14 -> 0 | AK14: =AE14-AI14 -> 580.5 | AL14: 0 | AM14: =(AJ14)*AL14 -> 0 | AN14: =AM14*AL14 -> 0 | AP14: =AK14-AN14 -> 580.5 | AR14: 0 | AS14: =(AO14)*AR14 -> 0 | AT14: =(AS14*AR14) -> 0 | AV14: =AP14-AT14 -> 580.5 | AX14: =AC14+W14+Q14+AI14+AN14+AT14 -> 0 | AY14: =G14-AX14 -> 580.5 | AZ14: =G14-AY14 -> 0 | BE14: 0 | BF14: =+F14 -> 215 | BG14: =BF14*BE14 -> 0 | BH14: 0 | BI14: =+BH14*BF14 -> 0 | BK14: 0 | BL14: =(BF14)*BK14 -> 0 | BM14: =BL14*BK14 -> 0 | BO14: 0 | BP14: =(BL14)*BO14 -> 0 | BQ14: =BP14*BO14 -> 0 | CE14: 0 | CF14: =(BR14)*CE14 -> 0 | CG14: =CF14*CE14 -> 0 | CP14: 10 | CQ14: =$CF$5/30 -> 265833.33 | CR14: 6 | CS14: =CR14*CQ14 -> 1595000
C15: Minutos IVR - Audio texto | D15: 1 | E15: 2.7 | F15: 166 | G15: =+F15*E15*D15 -> 448.2 | H15: 78352 | I15: =H15/G15 -> 174.81481 | K15: 1 | L15: 0 | M15: =L15*K15 -> 0 | O15: 0 | P15: =(L15)*O15 -> 0 | Q15: =P15*O15 -> 0 | S15: =G15-Q15 -> 448.2 | U15: 0 | V15: =(R15)*U15 -> 0 | W15: =V15*U15 -> 0 | Y15: =O15-W15 -> 0 | AA15: 0 | AB15: 0 | AC15: =AB15*AA15 -> 0 | AE15: =U15-AC15 -> 0 | AG15: 0 | AH15: =(AD15)*AG15 -> 0 | AI15: =AH15*AG15 -> 0 | AK15: =AE15-AI15 -> 0 | AL15: 0 | AM15: =(AJ15)*AL15 -> 0 | AN15: =AM15*AL15 -> 0 | AP15: =AK15-AN15 -> 0 | AR15: 0 | AS15: =(AO15)*AR15 -> 0 | AT15: =(AS15*AR15) -> 0 | AV15: =AP15-AT15 -> 0 | AX15: =AC15+W15+Q15+AI15+AN15+AT15 -> 0 | AY15: =G15-AX15 -> 448.2 | AZ15: =G15-AY15 -> 0 | BE15: 472 | BF15: =+F15 -> 166 | BG15: =BF15*BE15 -> 78352 | BH15: 600 | BI15: =+BH15*BF15 -> 99600 | BK15: 0 | BL15: =(BF15)*BK15 -> 0 | BM15: =BL15*BK15 -> 0 | BO15: 0 | BP15: =(BL15)*BO15 -> 0 | BQ15: =BP15*BO15 -> 0 | CE15: 0 | CF15: =(BR15)*CE15 -> 0 | CG15: =CF15*CE15 -> 0 | CP15: 11 | CQ15: =$CF$5/30 -> 265833.33 | CR15: 6 | CS15: =CR15*CQ15 -> 1595000
C16: Servicio Call Back para horarios de atención | D16: 1 | E16: 2.7 | F16: 45 | G16: =+F16*E16*D16 -> 121.5 | H16: 0 | I16: =H16/G16 -> 0 | K16: 1 | L16: 0 | M16: =L16*K16 -> 0 | O16: 0 | P16: =(L16)*O16 -> 0 | Q16: =P16*O16 -> 0 | S16: =G16-Q16 -> 121.5 | U16: 0 | V16: =(R16)*U16 -> 0 | W16: =V16*U16 -> 0 | Y16: =O16-W16 -> 0 | AA16: 0 | AB16: 0 | AC16: =AB16*AA16 -> 0 | AE16: =U16-AC16 -> 0 | AG16: 0 | AH16: =(AD16)*AG16 -> 0 | AI16: =AH16*AG16 -> 0 | AK16: =AE16-AI16 -> 0 | AL16: 0 | AM16: =(AJ16)*AL16 -> 0 | AN16: =AM16*AL16 -> 0 | AP16: =AK16-AN16 -> 0 | AR16: 0 | AS16: =(AO16)*AR16 -> 0 | AT16: =(AS16*AR16) -> 0 | AV16: =AP16-AT16 -> 0 | AX16: =AC16+W16+Q16+AI16+AN16+AT16 -> 0 | AY16: =G16-AX16 -> 121.5 | AZ16: =G16-AY16 -> 0 | BE16: 0 | BF16: =+F16 -> 45 | BG16: =BF16*BE16 -> 0 | BH16: 0 | BI16: =+BH16*BF16 -> 0 | BK16: 0 | BL16: =(BF16)*BK16 -> 0 | BM16: =BL16*BK16 -> 0 | BO16: 0 | BP16: =(BL16)*BO16 -> 0 | BQ16: =BP16*BO16 -> 0 | CE16: 0 | CF16: =(BR16)*CE16 -> 0 | CG16: =CF16*CE16 -> 0 | CP16: 12 | CQ16: =$CF$5/30 -> 265833.33 | CR16: 6 | CS16: =CR16*CQ16 -> 1595000
C17: Servicio de Avantel | D17: 1 | E17: 2.7 | F17: 90000 | G17: =+F17*E17*D17 -> 243000 | H17: 0 | I17: =H17/G17 -> 0 | K17: 1 | L17: 80000 | M17: =L17*K17 -> 80000 | O17: 1 | P17: =$L$17 -> 80000 | Q17: =P17*O17 -> 80000 | S17: =$G$17-Q17 -> 163000 | U17: 1 | V17: =$L$17 -> 80000 | W17: =V17*U17 -> 80000 | Y17: =$S$17-W17 -> 83000 | AA17: 1 | AB17: 80000 | AC17: =AB17*AA17 -> 80000 | AE17: =$Y$17-AC17 -> 3000 | AG17: 1 | AH17: =$L$17 -> 80000 | AI17: =AH17*AG17 -> 80000 | AK17: =AE17-AI17 -> -77000 | AL17: 1 | AM17: =$L$17 -> 80000 | AN17: =AM17*AL17 -> 80000 | AP17: =AK17-AN17 -> -157000 | AR17: 1 | AS17: =$L$17 -> 80000 | AT17: =(AS17*AR17) -> 80000 | AV17: =AP17-AT17 -> -237000 | AX17: =AC17+W17+Q17+AI17+AN17+AT17 -> 480000 | AY17: =G17-AX17 -> -237000 | AZ17: =G17-AY17 -> 480000 | BE17: 0 | BF17: =+F17 -> 90000 | BG17: =(BF17*BE17) -> 0 | BH17: 0 | BI17: =+BH17*BF17 -> 0 | BK17: 1 | BL17: =$L$17 -> 80000 | BM17: =(BL17*BK17) -> 80000 | BO17: 1 | BP17: =$L$17 -> 80000 | BQ17: =(BP17*BO17) -> 80000 | CE17: 1 | CF17: =$L$17 -> 80000 | CG17: =(CF17*CE17) -> 80000 | CP17: 13 | CQ17: =$CF$5/30 -> 265833.33 | CR17: 6 | CS17: =CR17*CQ17 -> 1595000
B18: GASTOS ADMINISTRATIVOS | C18: Copias e Impresiones | D18: 5000 | E18: 2.7 | F18: 600 | G18: =+F18*E18*D18 -> 8100000 | H18: 0 | I18: =H18/G18 -> 0 | K18: 1 | L18: 228 | M18: =L18*K18 -> 228 | O18: 0 | P18: 0 | Q18: =P18*O18 -> 0 | S18: =$G$18-Q18 -> 8100000 | U18: 15 | V18: =R18 -> 0 | W18: =V18*U18 -> 0 | Y18: =$S$18-W18 -> 8100000 | AA18: 0 | AB18: 0 | AC18: =AB18*AA18 -> 0 | AE18: =$Y$18-AC18 -> 8100000 | AG18: 0 | AH18: =AD18 -> 0 | AI18: =AH18*AG18 -> 0 | AK18: =AE18-AI18 -> 8100000 | AL18: 0 | AM18: =AJ18 -> 0 | AN18: =AM18*AL18 -> 0 | AP18: =AK18-AN18 -> 8100000 | AR18: 0 | AS18: =AO18 -> 0 | AT18: =(AS18*AR18) -> 0 | AV18: =AP18-AT18 -> 8100000 | AX18: =AC18+W18+Q18+AI18+AN18+AT18 -> 0 | AY18: =G18-AX18 -> 8100000 | AZ18: =G18-AY18 -> 0 | BE18: 0 | BF18: =+F18 -> 600 | BG18: =BF18*BE18 -> 0 | BH18: 0 | BI18: =+BH18*BF18 -> 0 | BK18: 0 | BL18: =BF18 -> 600 | BM18: =BL18*BK18 -> 0 | BO18: 0 | BP18: =BL18 -> 600 | BQ18: =BP18*BO18 -> 0 | CE18: 0 | CF18: =BR18 -> 0 | CG18: =CF18*CE18 -> 0 | CS18: =SUM(CS5:CS17) -> 20735000
C19: Salón de reuniones | D19: 1 | E19: 2.7 | F19: 400000 | G19: =+F19*E19*D19 -> 1080000 | H19: 468000 | I19: =H19/G19 -> 0.43333333 | K19: 1 | L19: 1023000 | M19: =L19*K19 -> 1023000 | O19: 1 | P19: =($L$19)*O19 -> 1023000 | Q19: =P19*O19 -> 1023000 | S19: =$G$19-Q19 -> 57000 | U19: 1 | V19: =($L$19)*U19 -> 1023000 | W19: =V19*U19 -> 1023000 | Y19: =$S$19-W19 -> -966000 | AA19: 1 | AB19: 1023000 | AC19: =AB19*AA19 -> 1023000 | AE19: =$Y$19-AC19 -> -1989000 | AG19: 1 | AH19: =($L$19)*AG19 -> 1023000 | AI19: =AH19*AG19 -> 1023000 | AK19: =AE19-AI19 -> -3012000 | AL19: 1 | AM19: =($L$19)*AL19 -> 1023000 | AN19: =AM19*AL19 -> 1023000 | AP19: =AK19-AN19 -> -4035000 | AR19: 1 | AS19: =($L$19)*AR19 -> 1023000 | AT19: =(AS19*AR19) -> 1023000 | AV19: =AP19-AT19 -> -5058000 | AX19: =AC19+W19+Q19+AI19+AN19+AT19 -> 6138000 | AY19: =G19-AX19 -> -5058000 | AZ19: =G19-AY19 -> 6138000 | BE19: 1 | BF19: =+F19 -> 400000 | BG19: =(BF19*BE19) -> 400000 | BH19: 1 | BI19: =+BH19*BF19 -> 400000 | BK19: 0 | BL19: =($L$19)*BK19 -> 0 | BM19: =(BL19*BK19) -> 0 | BO19: 0 | BP19: =($L$19)*BO19 -> 0 | BQ19: =(BP19*BO19) -> 0 | CE19: 0 | CF19: =($L$19)*CE19 -> 0 | CG19: =(CF19*CE19) -> 0 | CS19: =BG5 -> 125905000
C20: Sala de consultas para el servicio de Acompañamiento Psicoeducativo | D20: 2 | E20: 2.7 | F20: 250000 | G20: =+F20*E20*D20 -> 1350000 | H20: 335000 | I20: =H20/G20 -> 0.24814815 | K20: 1 | L20: 230000 | M20: =L20*K20 -> 230000 | O20: 1 | P20: =($L$20)*O20 -> 230000 | Q20: =P20*O20 -> 230000 | S20: =$G$20-Q20 -> 1120000 | U20: 1 | V20: =($L$20)*U20 -> 230000 | W20: =V20*U20 -> 230000 | Y20: =$S$20-W20 -> 890000 | AA20: 1 | AB20: 230000 | AC20: =AB20*AA20 -> 230000 | AE20: =$Y$20-AC20 -> 660000 | AG20: 2 | AH20: =($L$20)*AG20 -> 460000 | AI20: =AH20 -> 460000 | AK20: =AE20-AI20 -> 200000 | AL20: 2 | AM20: =($L$20)*AL20 -> 460000 | AN20: =AM20 -> 460000 | AP20: =AK20-AN20 -> -260000 | AR20: 2 | AS20: 230000 | AT20: =AS20*AR20 -> 460000 | AV20: =AP20-AT20 -> -720000 | AX20: =AC20+W20+Q20+AI20+AN20+AT20 -> 2070000 | AY20: =G20-AX20 -> -720000 | AZ20: =G20-AY20 -> 2070000 | BE20: 1 | BF20: =+F20 -> 250000 | BG20: =(BF20*BE20) -> 250000 | BH20: 1 | BI20: =+BH20*BF20 -> 250000 | BK20: 0 | BL20: =($L$20)*BK20 -> 0 | BM20: =BL20 -> 0 | BO20: 0 | BP20: =($L$20)*BO20 -> 0 | BQ20: =BP20 -> 0 | CE20: 0 | CF20: =($L$20)*CE20 -> 0 | CG20: =CF20 -> 0 | CS20: =CS19-CS18 -> 105170000
C21: Puesto de trabajo con dotación completa para coordinador SCRD | D21: 1 | E21: 2.7 | F21: 550000 | G21: =+F21*E21*D21 -> 1485000 | H21: 643500 | I21: =H21/G21 -> 0.43333333 | K21: 1 | L21: 710000 | M21: =L21*K21 -> 710000 | O21: 0 | P21: =($L$21)*O21 -> 0 | Q21: =P21*O21 -> 0 | S21: =$G$21-Q21 -> 1485000 | U21: 1 | V21: =($L$21)*U21 -> 710000 | W21: =V21*U21 -> 710000 | Y21: =$S$21-W21 -> 775000 | AA21: 1 | AB21: 710000 | AC21: =AB21*AA21 -> 710000 | AE21: =$Y$21-AC21 -> 65000 | AG21: 1 | AH21: =($L$21)*AG21 -> 710000 | AI21: =AH21*AG21 -> 710000 | AK21: =AE21-AI21 -> -645000 | AL21: 1 | AM21: =($L$21)*AL21 -> 710000 | AN21: =AM21*AL21 -> 710000 | AP21: =AK21-AN21 -> -1355000 | AR21: 1 | AS21: =($L$21)*AR21 -> 710000 | AT21: =(AS21*AR21) -> 710000 | AV21: =AP21-AT21 -> -2065000 | AX21: =AC21+W21+Q21+AI21+AN21+AT21 -> 3550000 | AY21: =G21-AX21 -> -2065000 | AZ21: =G21-AY21 -> 3550000 | BE21: 1 | BF21: =+F21 -> 550000 | BG21: =(BF21*BE21) -> 550000 | BH21: 1 | BI21: =+BH21*BF21 -> 550000 | BK21: 1 | BL21: =($L$21)*BK21 -> 710000 | BM21: =(BL21*BK21) -> 710000 | BO21: 1 | BP21: =($L$21)*BO21 -> 710000 | BQ21: =(BP21*BO21) -> 710000 | CE21: 0 | CF21: =($L$21)*CE21 -> 0 | CG21: =(CF21*CE21) -> 0 | CS21: =CS20/CF5 -> 13.187461
B22: ÍTEMS ADICIONALES | C22: Bolsa de 20,000 minutos, de cobro revertido de llamadas a una línea código corto desde celular en todos los operadores o teléfono fijo. Este servicio permite a los ciudadanos llamar de manera gratuita a la Línea. | D22: 1 | E22: 2.7 | F22: 6200000 | G22: =+F22*E22*D22 -> 16740000 | H22: 0 | I22: =H22/G22 -> 0 | K22: 1 | L22: 11000000 | M22: =L22*K22 -> 11000000 | O22: 0 | P22: =(L22)*O22 -> 0 | Q22: =P22*O22 -> 0 | S22: =$G$22-Q22 -> 16740000 | U22: 0 | V22: =(R22)*U22 -> 0 | W22: =V22*U22 -> 0 | Y22: =$S$22-W22 -> 16740000 | AA22: 0 | AB22: 0 | AC22: =AB22*AA22 -> 0 | AE22: =$Y$22-AC22 -> 16740000 | AG22: 0 | AH22: =(AD22)*AG22 -> 0 | AI22: =AH22*AG22 -> 0 | AK22: =AE22-AI22 -> 16740000 | AL22: 0 | AM22: =(AJ22)*AL22 -> 0 | AN22: =AM22*AL22 -> 0 | AP22: =AK22-AN22 -> 16740000 | AR22: 0 | AS22: =(AO22)*AR22 -> 0 | AT22: =(AS22*AR22) -> 0 | AV22: =AP22-AT22 -> 16740000 | AX22: =AC22+W22+Q22+AI22+AN22+AT22 -> 0 | AY22: =G22-AX22 -> 16740000 | AZ22: =G22-AY22 -> 0 | BE22: 0 | BF22: =+F22 -> 6200000 | BG22: =BF22*BE22 -> 0 | BH22: 0 | BI22: =+BH22*BF22 -> 0 | BK22: 0 | BL22: =(BF22)*BK22 -> 0 | BM22: =BL22*BK22 -> 0 | BO22: 0 | BP22: =(BL22)*BO22 -> 0 | BQ22: =BP22*BO22 -> 0 | CE22: 0 | CF22: =(BR22)*CE22 -> 0 | CG22: =CF22*CE22 -> 0
C23: Este servicio comprende los minutos adicionales que se llegaren a consumir por encima de bolsa de 20,000 minutos contratada. | D23: 1 | E23: 2.7 | F23: 310 | G23: =+F23*E23*D23 -> 837 | H23: 0 | I23: =H23/G23 -> 0 | K23: 1 | L23: 550 | M23: =L23*K23 -> 550 | O23: 0 | P23: =(L23)*O23 -> 0 | Q23: =P23*O23 -> 0 | S23: =$G$23-Q23 -> 837 | U23: 0 | V23: =(R23)*U23 -> 0 | W23: =V23*U23 -> 0 | Y23: =$S$23-W23 -> 837 | AA23: 0 | AB23: 0 | AC23: =AB23*AA23 -> 0 | AE23: =$Y$23-AC23 -> 837 | AG23: 0 | AH23: =(AD23)*AG23 -> 0 | AI23: =AH23*AG23 -> 0 | AK23: =AE23-AI23 -> 837 | AL23: 0 | AM23: =(AJ23)*AL23 -> 0 | AN23: =AM23*AL23 -> 0 | AP23: =AK23-AN23 -> 837 | AR23: 0 | AS23: =(AO23)*AR23 -> 0 | AT23: =(AS23*AR23) -> 0 | AV23: =AP23-AT23 -> 837 | AX23: =AC23+W23+Q23+AI23+AN23+AT23 -> 0 | AY23: =G23-AX23 -> 837 | AZ23: =G23-AY23 -> 0 | BE23: 0 | BF23: =+F23 -> 310 | BG23: =BF23*BE23 -> 0 | BH23: 0 | BI23: =+BH23*BF23 -> 0 | BK23: 0 | BL23: =(BF23)*BK23 -> 0 | BM23: =BL23*BK23 -> 0 | BO23: 0 | BP23: =(BL23)*BO23 -> 0 | BQ23: =BP23*BO23 -> 0 | CE23: 0 | CF23: =(BR23)*CE23 -> 0 | CG23: =CF23*CE23 -> 0
C24: Este IVR Transaccional permite que el sistema cargue la información del usuario (nombre, cédula, dirección, teléfono) cuando éste digite la cédula y que esté disponible para el profesional que atienda la llamada. | D24: 1 | E24: 2.7 | F24: 41 | G24: =+F24*E24*D24 -> 110.7 | H24: 0 | I24: =H24/G24 -> 0 | K24: 1 | L24: 34.611957 | M24: =L24*K24 -> 34.611957 | O24: 0 | P24: =(L24)*O24 -> 0 | Q24: =P24*O24 -> 0 | S24: =$G$24-Q24 -> 110.7 | U24: 0 | V24: =(R24)*U24 -> 0 | W24: =V24*U24 -> 0 | Y24: =$S$24-W24 -> 110.7 | AA24: 0 | AB24: 0 | AC24: =AB24*AA24 -> 0 | AE24: =$Y$24-AC24 -> 110.7 | AG24: 0 | AH24: =(AD24)*AG24 -> 0 | AI24: =AH24*AG24 -> 0 | AK24: =AE24-AI24 -> 110.7 | AL24: 0 | AM24: =(AJ24)*AL24 -> 0 | AN24: =AM24*AL24 -> 0 | AP24: =AK24-AN24 -> 110.7 | AR24: 0 | AS24: =(AO24)*AR24 -> 0 | AT24: =(AS24*AR24) -> 0 | AV24: =AP24-AT24 -> 110.7 | AX24: =AC24+W24+Q24+AI24+AN24+AT24 -> 0 | AY24: =G24-AX24 -> 110.7 | AZ24: =G24-AY24 -> 0 | BE24: 0 | BF24: =+F24 -> 41 | BG24: =BF24*BE24 -> 0 | BH24: 0 | BI24: =+BH24*BF24 -> 0 | BK24: 0 | BL24: =(BF24)*BK24 -> 0 | BM24: =BL24*BK24 -> 0 | BO24: 0 | BP24: =(BL24)*BO24 -> 0 | BQ24: =BP24*BO24 -> 0 | CE24: 0 | CF24: =(BR24)*CE24 -> 0 | CG24: =CF24*CE24 -> 0
C25: Este servicio de recepción de llamadas registra las llamadas y audios de usuarios que llamen a la Línea en horarios de no atención. | D25: 1 | E25: 2.7 | F25: 0 | G25: =+F25*E25*D25 -> 0 | H25: 0 | I25: =H25/G25 -> #DIV/0! | K25: 1 | L25: 31.150762 | M25: =L25*K25 -> 31.150762 | O25: 0 | P25: =(L25)*O25 -> 0 | Q25: =P25*O25 -> 0 | S25: =$G$25-Q25 -> 0 | U25: 0 | V25: =(R25)*U25 -> 0 | W25: =V25*U25 -> 0 | Y25: =$S$25-W25 -> 0 | AA25: 0 | AB25: 0 | AC25: =AB25*AA25 -> 0 | AE25: =$Y$25-AC25 -> 0 | AG25: 0 | AH25: =(AD25)*AG25 -> 0 | AI25: =AH25*AG25 -> 0 | AK25: =AE25-AI25 -> 0 | AL25: 0 | AM25: =(AJ25)*AL25 -> 0 | AN25: =AM25*AL25 -> 0 | AP25: =AK25-AN25 -> 0 | AR25: 0 | AS25: =(AO25)*AR25 -> 0 | AT25: =(AS25*AR25) -> 0 | AV25: =AP25-AT25 -> 0 | AX25: =AC25+W25+Q25+AI25+AN25+AT25 -> 0 | AY25: =G25-AX25 -> 0 | AZ25: =G25-AY25 -> 0 | BE25: 0 | BF25: =+F25 -> 0 | BG25: =BF25*BE25 -> 0 | BH25: 0 | BI25: =+BH25*BF25 -> 0 | BK25: 0 | BL25: =(BF25)*BK25 -> 0 | BM25: =BL25*BK25 -> 0 | BO25: 0 | BP25: =(BL25)*BO25 -> 0 | BQ25: =BP25*BO25 -> 0 | CE25: 0 | CF25: =(BR25)*CE25 -> 0 | CG25: =CF25*CE25 -> 0
C26: Servicio de envío de mensajes cortos de SMS a los teléfonos celulares definidos por la Entidad. | D26: 1 | E26: 2.7 | F26: 15 | G26: =+F26*E26*D26 -> 40.5 | H26: 0 | I26: =H26/G26 -> 0 | K26: 1 | L26: 20.767174 | M26: =L26*K26 -> 20.767174 | O26: 0 | P26: =(L26)*O26 -> 0 | Q26: =P26*O26 -> 0 | S26: =$G$26-Q26 -> 40.5 | U26: 0 | V26: =(R26)*U26 -> 0 | W26: =V26*U26 -> 0 | Y26: =$S$26-W26 -> 40.5 | AA26: 0 | AB26: 0 | AC26: =AB26*AA26 -> 0 | AE26: =$Y$26-AC26 -> 40.5 | AG26: 0 | AH26: =(AD26)*AG26 -> 0 | AI26: =AH26*AG26 -> 0 | AK26: =AE26-AI26 -> 40.5 | AL26: 0 | AM26: =(AJ26)*AL26 -> 0 | AN26: =AM26*AL26 -> 0 | AP26: =AK26-AN26 -> 40.5 | AR26: 0 | AS26: =(AO26)*AR26 -> 0 | AT26: =(AS26*AR26) -> 0 | AV26: =AP26-AT26 -> 40.5 | AX26: =AC26+W26+Q26+AI26+AN26+AT26 -> 0 | AY26: =G26-AX26 -> 40.5 | AZ26: =G26-AY26 -> 0 | BE26: 0 | BF26: =+F26 -> 15 | BG26: =BF26*BE26 -> 0 | BH26: 0 | BI26: =+BH26*BF26 -> 0 | BK26: 0 | BL26: =(BF26)*BK26 -> 0 | BM26: =BL26*BK26 -> 0 | BO26: 0 | BP26: =(BL26)*BO26 -> 0 | BQ26: =BP26*BO26 -> 0 | CE26: 0 | CF26: =(BR26)*CE26 -> 0 | CG26: =CF26*CE26 -> 0
C27: Envío masivo de mensajes de correos electrónicos a un listado de destinatarios específico. | D27: 1 | E27: 2.7 | F27: 12 | G27: =+F27*E27*D27 -> 32.4 | H27: 0 | I27: =H27/G27 -> 0 | K27: 1 | L27: 28.843298 | M27: =L27*K27 -> 28.843298 | O27: 0 | P27: =(L27)*O27 -> 0 | Q27: =P27*O27 -> 0 | S27: =$G$27-Q27 -> 32.4 | U27: 0 | V27: =(R27)*U27 -> 0 | W27: =V27*U27 -> 0 | Y27: =$S$27-W27 -> 32.4 | AA27: 0 | AB27: 0 | AC27: =AB27*AA27 -> 0 | AE27: =$Y$27-AC27 -> 32.4 | AG27: 0 | AH27: =(AD27)*AG27 -> 0 | AI27: =AH27*AG27 -> 0 | AK27: =AE27-AI27 -> 32.4 | AL27: 0 | AM27: =(AJ27)*AL27 -> 0 | AN27: =AM27*AL27 -> 0 | AP27: =AK27-AN27 -> 32.4 | AR27: 0 | AS27: =(AO27)*AR27 -> 0 | AT27: =(AS27*AR27) -> 0 | AV27: =AP27-AT27 -> 32.4 | AX27: =AC27+W27+Q27+AI27+AN27+AT27 -> 0 | AY27: =G27-AX27 -> 32.4 | AZ27: =G27-AY27 -> 0 | BE27: 0 | BF27: =+F27 -> 12 | BG27: =BF27*BE27 -> 0 | BH27: 0 | BI27: =+BH27*BF27 -> 0 | BK27: 0 | BL27: =(BF27)*BK27 -> 0 | BM27: =BL27*BK27 -> 0 | BO27: 0 | BP27: =(BL27)*BO27 -> 0 | BQ27: =BP27*BO27 -> 0 | CE27: 0 | CF27: =(BR27)*CE27 -> 0 | CG27: =CF27*CE27 -> 0
C28: Servicio que permite brindar atención a los usuarios a través de la plataforma de whatsapp y que registra los datos que surjan del servicio en el sistema de captura de información | D28: 1 | E28: 2.7 | F28: 210000 | G28: =+F28*E28*D28 -> 567000 | H28: 0 | I28: =H28/G28 -> 0 | K28: 1 | L28: 250000 | M28: =L28*K28 -> 250000 | O28: 0 | P28: =(L28)*O28 -> 0 | Q28: =P28*O28 -> 0 | S28: =$G$28-Q28 -> 567000 | U28: 0 | V28: =(R28)*U28 -> 0 | W28: =V28*U28 -> 0 | Y28: =$S$28-W28 -> 567000 | AA28: 0 | AB28: 0 | AC28: =AB28*AA28 -> 0 | AE28: =$Y$28-AC28 -> 567000 | AG28: 0 | AH28: =(AD28)*AG28 -> 0 | AI28: =AH28*AG28 -> 0 | AK28: =AE28-AI28 -> 567000 | AL28: 0 | AM28: =(AJ28)*AL28 -> 0 | AN28: =AM28*AL28 -> 0 | AP28: =AK28-AN28 -> 567000 | AR28: 0 | AS28: =(AO28)*AR28 -> 0 | AT28: =(AS28*AR28) -> 0 | AV28: =AP28-AT28 -> 567000 | AX28: =AC28+W28+Q28+AI28+AN28+AT28 -> 0 | AY28: =G28-AX28 -> 567000 | AZ28: =G28-AY28 -> 0 | BE28: 0 | BF28: =+F28 -> 210000 | BG28: =BF28*BE28 -> 0 | BH28: 0 | BI28: =+BH28*BF28 -> 0 | BK28: 0 | BL28: =(BF28)*BK28 -> 0 | BM28: =BL28*BK28 -> 0 | BO28: 0 | BP28: =(BL28)*BO28 -> 0 | BQ28: =BP28*BO28 -> 0 | CE28: 0 | CF28: =(BR28)*CE28 -> 0 | CG28: =CF28*CE28 -> 0
C29: Servicio de atención multicampaña (10 agentes) a traves de whatsaap. | D29: 1 | E29: 2.7 | F29: 425000 | G29: =+F29*E29*D29 -> 1147500 | H29: 0 | I29: =H29/G29 -> 0 | K29: 1 | L29: 1361000 | M29: =L29*K29 -> 1361000 | O29: 0 | P29: =(L29)*O29 -> 0 | Q29: =P29*O29 -> 0 | S29: =$G$29-Q29 -> 1147500 | U29: 0 | V29: =(R29)*U29 -> 0 | W29: =V29*U29 -> 0 | Y29: =$S$29-W29 -> 1147500 | AA29: 0 | AB29: 0 | AC29: =AB29*AA29 -> 0 | AE29: =$Y$29-AC29 -> 1147500 | AG29: 0 | AH29: =(AD29)*AG29 -> 0 | AI29: =AH29*AG29 -> 0 | AK29: =AE29-AI29 -> 1147500 | AL29: 0 | AM29: =(AJ29)*AL29 -> 0 | AN29: =AM29*AL29 -> 0 | AP29: =AK29-AN29 -> 1147500 | AR29: 0 | AS29: =(AO29)*AR29 -> 0 | AT29: =(AS29*AR29) -> 0 | AV29: =AP29-AT29 -> 1147500 | AX29: =AC29+W29+Q29+AI29+AN29+AT29 -> 0 | AY29: =G29-AX29 -> 1147500 | AZ29: =G29-AY29 -> 0 | BE29: 0 | BF29: =+F29 -> 425000 | BG29: =BF29*BE29 -> 0 | BH29: 0 | BI29: =+BH29*BF29 -> 0 | BK29: 0 | BL29: =(BF29)*BK29 -> 0 | BM29: =BL29*BK29 -> 0 | BO29: 0 | BP29: =(BL29)*BO29 -> 0 | BQ29: =BP29*BO29 -> 0 | CE29: 0 | CF29: =(BR29)*CE29 -> 0 | CG29: =CF29*CE29 -> 0
C30: Bases de datos de 27,000 hombres habitantes de la ciudad de para envío de mensajes SMS a teléfonos celulares y/o panel virtual | D30: 1 | E30: 2.7 | F30: 6500000 | G30: =+F30*E30*D30 -> 17550000 | H30: 0 | I30: =H30/G30 -> 0 | K30: 1 | L30: 18142000 | M30: =L30*K30 -> 18142000 | O30: 0 | P30: =(L30)*O30 -> 0 | Q30: =P30*O30 -> 0 | S30: =$G$30-Q30 -> 17550000 | U30: 0 | V30: =(R30)*U30 -> 0 | W30: =V30*U30 -> 0 | Y30: =$S$30-W30 -> 17550000 | AA30: 0 | AB30: 0 | AC30: =AB30*AA30 -> 0 | AE30: =$Y$30-AC30 -> 17550000 | AG30: 0 | AH30: =(AD30)*AG30 -> 0 | AI30: =AH30*AG30 -> 0 | AK30: =AE30-AI30 -> 17550000 | AL30: 0 | AM30: =(AJ30)*AL30 -> 0 | AN30: =AM30*AL30 -> 0 | AP30: =AK30-AN30 -> 17550000 | AR30: 0 | AS30: =(AO30)*AR30 -> 0 | AT30: =(AS30*AR30) -> 0 | AV30: =AP30-AT30 -> 17550000 | AX30: =AC30+W30+Q30+AI30+AN30+AT30 -> 0 | AY30: =G30-AX30 -> 17550000 | AZ30: =G30-AY30 -> 0 | BE30: 0 | BF30: =+F30 -> 6500000 | BG30: =BF30*BE30 -> 0 | BH30: 0 | BI30: =+BH30*BF30 -> 0 | BK30: 0 | BL30: =(BF30)*BK30 -> 0 | BM30: =BL30*BK30 -> 0 | BO30: 0 | BP30: =(BL30)*BO30 -> 0 | BQ30: =BP30*BO30 -> 0 | CE30: 0 | CF30: =(BR30)*CE30 -> 0 | CG30: =CF30*CE30 -> 0
C31: Total | E31: Subtotal | G31: =SUM(G5:G21) -> 4.6825945e+08 | M31: =SUM(M5:M21) -> 132126448 | P31: Subtotal | Q31: =SUM(Q5:Q21) -> 90062600 | S31: =$G$31-Q31 -> 3.7819685e+08 | V31: Subtotal | W31: =SUM(W5:W21) -> 127350800 | Y31: =$S$31-W31 -> 2.5084605e+08 | AB31: Subtotal | AC31: =SUM(AC5:AC21) -> 126739000 | AE31: =$Y$31-AC31 -> 1.2410705e+08 | AH31: Subtotal | AI31: =SUM(AI5:AI21) -> 132195000 | AK31: =$AE$31-AI31 -> -8087949.8 | AM31: Subtotal | AN31: =SUM(AN5:AN21) -> 133409000 | AP31: =$AK$31-AN31 -> -1.4149695e+08 | AS31: Subtotal | AT31: =SUM(AT5:AT21) -> 126969000 | AV31: =$AP$31-AT31 -> -2.6846595e+08 | AX31: =AC31+W31+Q31+AI31+AN31+AT31 -> 736725400 | AY31: =SUM(AY5:AY21) -> -2.6846595e+08 | AZ31: =G31-AY31 -> 736725400 | BF31: Subtotal | BG31: =SUM(BG5:BG21) -> 169167352 | BI31: =SUM(BI5:BI21) -> 165588600 | BL31: Subtotal | BM31: =SUM(BM5:BM21) -> 117511000 | BP31: Subtotal | BQ31: =SUM(BQ5:BQ21) -> 106416000 | CF31: Subtotal | CG31: =SUM(CG5:CG21) -> 22248500
E32: IVA | G32: =G31*19% -> 88969296 | M32: =M31*19% -> 25104025 | P32: IVA | Q32: =Q31*19% -> 17111894 | S32: =S31*19% -> 71857402 | V32: IVA | W32: =W31*19% -> 24196652 | Y32: =Y31*19% -> 47660750 | AB32: IVA | AC32: =AC31*19% -> 24080410 | AE32: =AE31*19% -> 23580340 | AI32: =AI31*19% -> 25117050 | AK32: =AK31*19% -> -1536710.5 | AN32: =AN31*19% -> 25347710 | AP32: =AP31*19% -> -26884420 | AT32: =AT31*19% -> 24124110 | AV32: =AV31*19% -> -51008530 | AX32: =AC32+W32+Q32 -> 65388956 | AY32: =G32-AX32 -> 23580340 | AZ32: =AY32-AE32 -> 0 | BG32: =BG31*19% -> 32141797 | BI32: =BI31*19% -> 31461834 | BM32: =BM31*19% -> 22327090 | BQ32: =BQ31*19% -> 20219040 | CG32: =CG31*19% -> 4227215
E33: TOTAL | G33: =G31+G32 -> 5.5722875e+08 | M33: =M31+M32 -> 1.5723047e+08 | P33: TOTAL | Q33: =Q31+Q32 -> 107174494 | S33: =S31+S32 -> 4.5005425e+08 | V33: TOTAL | W33: =W31+W32 -> 151547452 | Y33: =Y31+Y32 -> 2.985068e+08 | AB33: TOTAL | AC33: =AC31+AC32 -> 150819410 | AE33: =AE31+AE32 -> 1.4768739e+08 | AI33: =AI31+AI32 -> 157312050 | AK33: =AK31+AK32 -> -9624660.3 | AN33: =AN31+AN32 -> 158756710 | AP33: =AP31+AP32 -> -1.6838137e+08 | AT33: =AT31+AT32 -> 151093110 | AV33: =AV31+AV32 -> -3.1947448e+08 | AX33: =AC33+W33+Q33+AI33+AN33+AT33 -> 876703226 | AY33: =G33-AX33 -> -3.1947448e+08 | AZ33: =AY33-AE33 -> -4.6716187e+08 | BG33: =BG31+BG32 -> 2.0130915e+08 | BI33: =BI31+BI32 -> 197050434 | BM33: =BM31+BM32 -> 139838090 | BQ33: =BQ31+BQ32 -> 126635040 | CG33: =CG31+CG32 -> 26475715

Sheet Hoja4
D1: Agente de 8- 5
D2: Capacidad Ejecutada enero 2024
D3: CANTIDAD MENSUAL | E3: VALOR UNITARIO 2023 | I3: Total Orden de Compra
F4: Valor dia | G4: dias de servicio
B5: Recurso Humano | C5: Agente Profesional | D5: 3 | E5: 7975000 | F5: =E5/30 -> 265833.33 | G5: 17 | I5: =G5*F5*D5 -> 13557500
D6: 0.4 | E6: 8250000 | F6: =E6/30 -> 275000 | G6: 5 | I6: =E6*D6 -> 3300000
H7: Subtotal | I7: =SUM(I5:I6) -> 16857500
H8: IVA | I8: =I7*19% -> 3202925
H9: TOTAL | I9: =SUM(I7:I8) -> 20060425 | K9: =I6/K10 -> 0.4
B10: No incremento salario | K10: 8250000 | L10: =K10/30 -> 275000 | M10: =L10*10 -> 2750000
B11: No Psicoeducativos enero | E11: SISTEMA DE CAPTURA DE INFORMACIÓN | F11: Sistema de captura de información | G11: 1 | H11: 282000 | I11: =H11*G11 -> 282000 | M11: =M10/K10 -> 0.33333333
B12: Cumplimiento de ANS Noviembre y diciembre | E12: SERVICIOS DE COMUNICACIÓN | F12: Minutos de comunicación celulares - Outbound | G12: 0.5 | H12: 460000 | I12: =H12*G12 -> 230000
B13: Orientacion juridica | F13: Cargo PRI (Primary Rate Interface) - consumo del canal ilimitado | G13: 14 | H13: 37000 | I13: =H13*G13 -> 518000
F14: Bolsa de Minutos de Cobro revertido - Línea 01800 | G14: 1 | H14: 4363000 | I14: =H14*G14 -> 4363000
F15: Servicio de Avantel | G15: 1 | H15: 80000 | I15: =H15*G15 -> 80000
H16: Subtotal | I16: =SUM(I11:I15) -> 5473000
H17: IVA | I17: =I16*19% -> 1039870
H18: TOTAL | I18: =I16+I17 -> 6512870
I20: =I18+I9 -> 26573295

Sheet CONTROL DE PPTO
C2: CALMA | E2: Fecha de Emisión
C3: contrato 420 | E3: Fecha de Vencimiento | F3: 45287
E4: Inicio de Operación | F4: 45050
D7: VALOR SIN IVA | E7: IVA | F7: TOTAL CON IVA
C8: OC INCIAL | D8: 743498554 | E8: =D8*0.19 -> 1.4126473e+08 | F8: =SUM(D8:E8) -> 8.8476328e+08
C9: ADICIÓN | D9: =F9/1.19 -> 3.6792787e+08 | E9: =D9*0.19 -> 69906295 | F9: 437834164 | G9: Aclarar Valor de la Adición
C10: TOTAL | F10: =+F9+F8 -> 1.3225974e+09
B13: # de factura | C13: Mes de Facturación | D13: Valor antes de IVA | E13: Valor con IVA | F13: Valor Total | I13: Pregunta 1
B14: SBPM1153 | C14: Abril | D14: 90062600 | E14: =D14*0.19 -> 17111894 | F14: =D14+E14 -> 107174494
B15: SBPM1155 | C15: Mayo | D15: 127350800 | E15: =D15*0.19 -> 24196652 | F15: =D15+E15 -> 151547452
B16: SBPM1326 | C16: Junio | D16: 126739000 | E16: =D16*0.19 -> 24080410 | F16: =D16+E16 -> 150819410
B17: SBPM1826 | C17: Julio | D17: 131965000 | E17: =D17*0.19 -> 25073350 | F17: =D17+E17 -> 157038350
B18: SBPM1827 | C18: Agosto | D18: ='Control fac_Calma'!AN31 -> 133409000 | E18: =D18*0.19 -> 25347710 | F18: =D18+E18 -> 158756710
C19: Septiembre | D19: ='Control fac_Calma'!AT31 -> 126969000 | E19: =D19*0.19 -> 24124110 | F19: =D19+E19 -> 151093110
C20: Octubre | D20: ='Control fac_Calma'!BG31 -> 169167352 | E20: =D20*0.19 -> 32141797 | F20: =D20+E20 -> 2.0130915e+08
C21: Noviembre | D21: ='Control fac_Calma'!BM31 -> 117511000 | E21: =D21*0.19 -> 22327090 | F21: =D21+E21 -> 139838090
C22: Diciembre ( 27 diciembre) | D22: ='Control fac_Calma'!BQ31 -> 106416000 | E22: =D22*0.19 -> 20219040 | F22: =D22+E22 -> 126635040
C23: Valor total | F23: =SUM(F14:F22) -> 1.3442118e+09
C24: Sobrante | F24: =F10-F23 -> -21614362
C26: Diciembre ( 28 diciembre a enero 14) | D26: =Hoja4!I7+Hoja4!I16 -> 22330500 | E26: =D26*0.19 -> 4242795 | F26: =D26+E26 -> 26573295
F27: =F24-F26 -> -48187657

Sheet Cronograma
D1: =TEXT(D2,"dddd") -> lunes | E1: =TEXT(E2,"dddd") -> martes | F1: =TEXT(F2,"dddd") -> miércoles | G1: =TEXT(G2,"dddd") -> jueves | H1: =TEXT(H2,"dddd") -> viernes | I1: =TEXT(I2,"dddd") -> sábado | J1: =TEXT(J2,"dddd") -> domingo | K1: =TEXT(K2,"dddd") -> lunes | ... BX1: =TEXT(BX2,"dddd") -> miércoles
D2: 45215 | E2: =D2+1 -> 45216 | F2: =E2+1 -> 45217 | G2: =F2+1 -> 45218 | H2: =G2+1 -> 45219 | I2: =H2+1 -> 45220 | J2: =I2+1 -> 45221 | K2: =J2+1 -> 45222 | L2: =K2+1 -> 45223 | ... BX2: =BW2+1 -> 45287
A3: 1 | B3: Psicologo | C3: Leidy Paola Murcia Franco | AN3: x | AO3: x | AP3: x | AQ3: x | AR3: x | AT3: x
A4: 2 | B4: Psicologo | C4: Maria Camila Romero Rios
A5: 3 | B5: Psicologo | C5: Lina Suarez Castro | O5: x | P5: x | T5: x | U5: x | V5: x | W5: x | Z5: x | AA5: x
A6: 4 | B6: Psicologo | C6: Angelica Maria Pinilla Gomez | O6: x | P6: x | T6: x | U6: x | V6: x | W6: x | Z6: x | AA6: x
A7: 5 | B7: Psicologo | C7: Luz Virginia Gomez Morales | Z7: x | AA7: x | AB7: x | AC7: x | AD7: x | AF7: x
A8: 6 | B8: Psicologo | C8: Daniela Onofre Nuñez | Z8: x | AA8: x | AB8: x | AC8: x | AD8: x | AF8: x
A9: 7 | B9: Psicologo | C9: Ramon Ricardo Contecha Lloronte | AG9: x | AH9: x | AI9: x | AJ9: x | AK9: x | AM9: x
A10: 8 | B10: Psicologo | C10: Andres Felipe Suarez Cabra | AG10: x | AH10: x | AI10: x | AJ10: x | AK10: x | AM10: x
A11: 9 | B11: Psicologo | C11: Jaime Andres Peña Vargas
A12: 10 | B12: Psicologo | C12: Daniel Martinez Lopez | AN12: x | AO12: x | AP12: x | AQ12: x | AR12: x | AT12: x
A13: 11 | B13: Psicologo | C13: Nicolas Solano Abadia | AU13: x | AV13: x | AW13: x | AX13: x | AY13: x | BA13: x
A14: 12 | B14: Psicologo | C14: Rodrigo Oswaldo Acosta Cepeda | AU14: x | AV14: x | AW14: x | AX14: x | AY14: x | BA14: x
A15: 13 | B15: Psicologo | C15: Daniel Eduardo Esposito Onatra
AY20: =13*6 -> 78

Sheet Hoja1
